 Dungeon Crawl Stone Soup version 0.29.1-12-g30fa7ad0bf (webtiles) character file.

Game seed: 16816865367804023055

2183 holycorn the Carver (level 9, -1/68 (75) HPs)
             Began as a Minotaur Berserker on Dec 27, 2022.
             Was an Elder of Trog.
             Succumbed to a wight's poison
             ... on level 7 of the Dungeon.
             The game lasted 00:13:08 (6118 turns).

holycorn the Carver (Minotaur Berserker)            Turns: 6118, Time: 00:13:09

HP:   -1/68 (75)    AC: 13    Str: 27    XL:     9   Next: 11%
MP:   8/8           EV:  9    Int:  4    God:    Trog [****..]
Gold: 257           SH:  0    Dex: 15    Spells: 8/8 levels left

rFire   + . .      SeeInvis .   b - +5 great sword "Owkumigh" {drain, rCorr Stlth+}
rCold   x . .      Faith    .   (shield currently unavailable)
rNeg    . . .      Spirit   .   u - +0 chain mail
rPois   .          Reflect  .   (helmet restricted)
rElec   .          Harm     .   (no cloak)
rCorr   +          Rampage  .   e - +1 pair of gloves
Will    .....                   c - +0 pair of boots
Stlth   ..........              (no amulet)
HPRegen 0.21/turn               m - +6 ring of dexterity
MPRegen 0.11/turn               q - ring of fire

@: lethally poisoned (-1 -> -22), drained
A: horns 2, retaliatory headbutt
a: Renounce Religion, Berserk, Trog's Hand, Brothers in Arms


You were on level 7 of the Dungeon.
You worshipped Trog.
Trog was greatly pleased with you.
You visited 1 branch of the dungeon, and saw 7 of its levels.
You also visited: Bailey.

You collected 257 gold pieces.

Inventory:

Hand Weapons
 a - a +0 hand axe
 b - the +5 great sword "Owkumigh" (weapon) {drain, rCorr Stlth+}
   (You found it on level 3 of the Dungeon)

   A truly terrible weapon, it drains the life of any living foe it strikes.
   rCorr:     It protects you from acid and corrosion.
   Stlth:     It makes you more stealthy.
Armour
 c - a +0 pair of boots (worn)
 e - a +1 pair of gloves (worn)
 u - a +0 chain mail (worn)
Jewellery
 m - a +6 ring of dexterity (left hand)
 q - a ring of fire (right hand)
 y - a ring of protection from cold
 A - a +6 ring of intelligence
Wands
 k - a wand of mindburst (21)
 w - a wand of iceblast (1)
 B - a wand of paralysis (4)
Scrolls
 g - 2 scrolls of immolation
 o - a scroll of butterflies
 p - 8 scrolls of identify
 r - 3 scrolls of enchant armour
 s - a scroll of blinking
 t - a scroll of amnesia
 x - 2 scrolls of fear
 C - a scroll of magic mapping {unknown}
Potions
 d - a potion of brilliance {unknown}
 f - 3 potions of heal wounds
 h - 2 potions of lignification {unknown}
 i - 2 potions of curing {unknown}
 j - 2 potions of flight
 l - a potion of might
 n - a potion of magic {unknown}
 v - 2 potions of ambrosia {unknown}
 z - a potion of resistance {unknown}


   Skills:
 + Level 6.2 Fighting
 * Level 10.8 Long Blades
 + Level 6.5 Axes
 + Level 6.3 Armour
 - Level 2.2 Dodging


You had 8 spell levels left.
You didn't know any spells.
Your spell library was empty.

Dungeon Overview and Level Annotations

Branches:
Dungeon (7/15)             Bailey (visited)
 Temple: D:4-7

Altars:
Hepliaklqana
Okawaru
Vehumet
The Shining One

Shops:
D:1 =   D:3 :   D:4 *   D:5 :


Innate Abilities, Weirdness & Mutations

You have a pair of horns on your head.
You reflexively headbutt those who attack you in melee.


Message History

The wight hits you with a +3 flail!
You feel drained. The wight closely misses you. You furiously retaliate!
You headbutt the wight! You hit the wight.
The wight is severely damaged.
The wight hits you from afar with a +2 spear of venom.
You are poisoned.
The wight hits you but does no damage. The wight barely misses you.
You are too injured to fight recklessly!
You are too injured to fight recklessly!
Unknown command.
You slice the wight!!
You destroy the wight!
Trog accepts your kill.
You feel very sick.
The wight hits you from afar with a +2 spear of venom.
You feel drained.
You are more poisoned.
The wight barely misses you. The wight hits you with a +3 flail!
* * * LOW HITPOINT WARNING * * *
You feel drained.
* * * LOW HITPOINT WARNING * * *
You barely miss the wight.
* * * LOW HITPOINT WARNING * * *
You feel very sick. The wight closely misses you. The wight barely misses you.
The wight hits you with a +3 flail.
* * * LOW HITPOINT WARNING * * *
You feel drained.
* * * LOW HITPOINT WARNING * * *
You slice the wight!!
You destroy the wight!
Trog accepts your kill.
* * * LOW HITPOINT WARNING * * *
You feel very sick. The wight hits you but does no damage.
You are more poisoned.
The wight hits you with a +2 flail.
* * * LOW HITPOINT WARNING * * *
You barely miss the wight.
You die...

..... ...#########.
...#...#...#.#
#..#.#.#^#.#.#
#..#.#.#.#.#.### ##
#.z#.#.#.#.#... [
#)z#.#.#.#.#..# #
..####)@#)#.#.#.#..#####
........#.#.#.#.#....#..
..###.....#...#...##.#.≈
#...#########.##.#.≈
#.#............#.#.~
~..###.########.#...≈
..~.. #.##..≈ ..~..
#..#... ..~. ##...##


You could see 2 wights.

Vanquished Creatures
  Pikel (D:7)
  A wyvern (D:7)
  2 water moccasins
  2 black bears
  An ogre (D:5)
  A phantom (D:5)
  2 kobold brigands
  A bullfrog (D:7)
  2 scorpions
  2 wights (D:7)
  3 howler monkeys (D:7)
  3 hounds
  A jelly (D:6)
  An orc priest (D:5)
  An iron imp (D:7)
  3 iguanas
  6 adders
  2 shadow imps
  A white imp (D:5)
  An ufetubus (D:5)
  A worm (D:4)
  6 dart slugs
  14 orcs
  7 ball pythons
  4 bats
  5 endoplasms
  7 giant cockroaches
  13 goblins
  9 hobgoblins
  6 jackals
  16 kobolds
  4 quokkas
  2 frilled lizards
  A goblin zombie (D:7)
  3 hobgoblin zombies (D:7)
  A kobold skeleton (D:7)
  2 kobold zombies (D:7)
  An orc skeleton (D:7)
  An orc zombie (D:7)
  7 rats
147 creatures vanquished.

Notes
Turn   | Place    | Note
-------+----------+-------------------------------------------
     0 | D:1      | holycorn the Minotaur Berserker began the quest for the
                  | Orb.
     0 | D:1      | Reached XP level 1. HP: 19/19 MP: 0/0
   384 | D:1      | Found a faded altar of an unknown god.
   390 | D:1      | Reached XP level 2. HP: 20/27 MP: 1/1
   685 | D:1      | Reached XP level 3. HP: 31/33 MP: 2/2
   997 | D:1      | Found Iblyvos's Jewellery Emporium.
  1082 | D:2      | Reached ** piety under Trog
  1277 | D:2      | Reached skill level 5 in Axes
  1734 | D:3      | Reached XP level 4. HP: 38/41 MP: 3/3
  1749 | D:3      | You fall into a shaft and drop 3 floors!
  1854 | D:5      | Entered Level 5 of the Dungeon
  2049 | D:4      | Found Jiruhoag's Fire Supplies.
  2205 | D:3      | Reached XP level 5. HP: 47/47 MP: 4/4
  2315 | D:3      | Identified the +5 great sword "Owkumigh" {drain, rCorr
                  | Stlth+}
  2346 | D:3      | Found Edin Meexa's Book Shoppe.
  2383 | D:3      | Reached *** piety under Trog
  3154 | D:5      | Found Wiamuf's Book Shoppe.
  3160 | D:5      | Reached skill level 1 in Long Blades
  3244 | D:5      | Reached skill level 2 in Long Blades
  3462 | D:5      | Reached XP level 6. HP: 54/55 MP: 5/5
  3490 | D:5      | Reached skill level 3 in Long Blades
  3757 | D:5      | Reached skill level 5 in Fighting
  3757 | D:5      | Reached skill level 4 in Long Blades
  3799 | D:5      | Reached skill level 5 in Long Blades
  3799 | D:5      | Reached XP level 7. HP: 19/61 MP: 6/6
  4184 | D:5      | Found a hazy altar of Hepliaklqana.
  4389 | D:5      | Found a radiant altar of Vehumet.
  4389 | D:5      | Found an iron altar of Okawaru.
  4751 | D:6      | Reached skill level 6 in Long Blades
  5253 | D:6      | Reached skill level 7 in Long Blades
  5665 | D:7      | Noticed Pikel
  5670 | D:7      | Killed Pikel
  5671 | D:7      | Reached skill level 8 in Long Blades
  5671 | D:7      | Reached skill level 5 in Armour
  5671 | D:7      | Reached XP level 8. HP: 70/70 MP: 7/7
  5748 | D:7      | Found a glowing golden altar of the Shining One.
  5754 | D:7      | Reached skill level 9 in Long Blades
  5768 | D:7      | Reached **** piety under Trog
  6020 | D:7      | Found a flagged portal.
  6029 | Bailey   | Entered a bailey
  6047 | D:7      | Reached skill level 10 in Long Blades
  6107 | D:7      | Reached XP level 9. HP: 75/75 MP: 8/8
  6118 | D:7      | Succumbed to a wight's poison

Illustrated notes

Levels and vault maps discovered:
D:1:      dpeg_chamrin_arrival_tetris, layout_basic, serial_shops,
          nicolae_shop_crystal, basic_ecumenical_altar
D:2:      layout_rooms, minivault_14, minmay_worlds_worst_comb
D:3:      layout_basic, serial_shops, nicolae_shop_statue_plus, minmay_vboxes
D:4:      layout_layer_cave, nicolae_shop_fire_sale [nicolae_sub_dead_trees]
D:5:      layout_loops_corners, nzn_hepliaklqana_mist_gate,
          nicolae_overflow_two_pavilions, serial_shops, nicolae_stop_n_shop_1
D:6:      layout_basic, lightli_orcish_oven
D:7:      layout_rooms, nicolae_tso_besieged_by_evil, kennysheep_mini_moat,
          minmay_temple_entry_water_ring, enter_bailey_5, minivault_27,
          uniq_pikel

Skill      XL: |  1  2  3  4  5  6  7  8 |
---------------+-------------------------+-----
Fighting       | 4 5 6 |  6.2
Axes           | 4 5 6 |  6.5
Long Blades    | 2 5 8 10 | 10.8
Armour         | 3 5 6 |  6.3
Dodging        | |  2.2

Action                   |  1- 3 |  4- 6 |  7- 9 || total
-------------------------+-------+-------+-------++-------
Melee: Hand axe          |   101 |    56 |       ||   157
       Headbutt          |    13 |    15 |    13 ||    41
       Punch             |       |     1 |       ||     1
       Great sword       |       |    54 |    87 ||   141
Invok: Berserk           |       |       |     2 ||     2
  Use: Scroll            |       |       |    13 ||    13
Armor: Animal skin       |    18 |       |       ||    18
       Leather armour    |     4 |     3 |       ||     7
       Chain mail        |       |    65 |    49 ||   114
       Ring mail         |       |     1 |       ||     1
Dodge: Dodged            |    59 |    63 |    59 ||   181
